 Dungeon Crawl Stone Soup version 0.19.1 (webtiles) character file.

128 esteth the Magician (level 4, 0/24 HPs)
             Began as a Deep Elf Wizard on Dec 13, 2016.
             Slain by a goblin
             ... wielding a +0 club
             ... led by Robin
              (3 damage)
             ... on level 2 of the Dungeon.
             The game lasted 00:09:29 (2164 turns).

esteth the Magician (Deep Elf Wizard)               Turns: 2164, Time: 00:09:30

Health: 0/24       AC:  2    Str:  4    XL:     4   Next: 87%
Magic:  1/13       EV: 13    Int: 24    God:
Gold:   90         SH:  0    Dex: 13    Spells: 4 memorised, 6 levels left

rFire  . . .     SeeInvis .     p - +1 spear (freeze)
rCold  . . .     Gourm    .     k - +0 robe (curse)
rNeg   . . .     Faith    .     (no shield)
rPois  .         Spirit   .     b - +0 hat
rElec  .         Reflect  .     (no cloak)
rCorr  +         Harm     .     (no gloves)
MR     .....                    (no boots)
Stlth  ++........               g - amulet of rage
                                (no ring)
                                j - ring of resist corrosion

@: lethally poisoned (0 -> -2), about to teleport, very slightly contaminated
A: no striking features
a: Evoke Berserk Rage


You were on level 2 of the Dungeon.
You were not hungry.

You visited 1 branch of the dungeon, and saw 2 of its levels.

You collected 90 gold pieces.

Inventory:

Hand Weapons
 p - a +1 spear of freezing (weapon)
Armour
 a - a +0 robe
 b - a +0 hat (worn)
 k - a cursed +0 robe (worn)
Jewellery
 g - an amulet of rage (around neck)
 j - a ring of resist corrosion (left hand)
Scrolls
 l - 3 scrolls of teleportation
 n - 2 scrolls of identify {unknown}
Potions
 e - a potion of lignification {unknown}
 h - 2 potions of might {unknown}
 i - a potion of curing {unknown}
 m - a potion of agility {unknown}
Books
 c - a book of Minor Magic

   Spells                             Type                      Level
   a - Magic Dart                     Conjuration                  1
   b - Blink                          Translocation                2
   c - Call Imp                       Summoning                    2
   d - Repel Missiles                 Charms/Air                   2
   e - Slow                           Hexes                        2
   f - Conjure Flame                  Conjuration/Fire             3
   g - Mephitic Cloud                 Conjuration/Poison/Air       3
Comestibles
 o - a meat ration


   Skills:
 - Level 2.4 Dodging
 - Level 2.4 Stealth
 + Level 5.6 Spellcasting
 + Level 3.5 Conjurations
 - Level 1.1 Summonings
 - Level 1.1 Translocations
 * Level 2.2 Poison Magic


You had 6 spell levels left.
You knew the following spells:

 Your Spells              Type           Power        Failure   Level  Hunger
a - Magic Dart            Conj           ###.         1%          1    None
b - Blink                 Tloc           N/A          10%         2    None
c - Call Imp              Summ           ##......     10%         2    None
d - Mephitic Cloud        Conj/Pois/Air  ###.....     14%         3    #......


Dungeon Overview and Level Annotations

Branches:
Dungeon (2/15)

Altars:
Ru
Xom
The Shining One

Annotations:
D:2 Robin


Message History

The hobgoblin goes into a battle-frenzy!
The goblin is engulfed in noxious fumes.
The goblin appears confused.
The goblin misses you.
The goblin hits the jackal.
Robin throws the goblin at you!
There is an open door, spattered with blood here.
Items here: )) [ † a club x2; a robe; a goblin corpse
Casting: Magic Dart
Confirm with . or Enter, or press ? or * to list all spells.
You don't have enough magic to cast that spell.
Something bites the goblin.
The goblin is killed!
Robin throws the goblin at you!
* * * LOW HITPOINT WARNING * * *
As you read the scroll labeled APUVOO ZEXAE, it crumbles to dust.
You feel strangely unstable.
It was a scroll of teleportation.
You feel sick. The goblin misses you. The goblin closely misses you.
The goblin hits you but does no damage. The goblin hits you with a club.
You die...

#################
#......#g..#..≈≈##
#...†.gg.g@').≈≈≈# ###
#.....h#g..#..≈≈≈###.#
#''##)S#########≈≈##.#
#. #..†.(.....#≈≈##.#
#....)..†..'...#.######
#..........'...........
#..........'...#.#####.
#..........#≈≈...#####.
#..#########≈≈>........


You could see Robin, a jackal, a hobgoblin and 3 goblins.

Vanquished Creatures
  2 adders (D:2)
  2 oozes
  3 dart slugs (D:1)
  7 leopard geckos
  2 giant cockroaches
  14 goblins
  9 hobgoblins
  2 jackals (D:2)
  2 bats (D:1)
  A frilled lizard (D:2)
  8 kobolds
  5 rats
57 creatures vanquished.

Vanquished Creatures (collateral kills)
  4 gnolls (D:2)
  A worm (D:1)
  A rat (D:1)
6 creatures vanquished.

Grand Total: 63 creatures vanquished

Notes
Turn   | Place    | Note
-------+----------+-------------------------------------------
     0 | D:1      | esteth the Deep Elf Wizard began the quest for the Orb.
     0 | D:1      | Reached XP level 1. HP: 10/10 MP: 7/7
   137 | D:1      | Reached XP level 2. HP: 9/15 MP: 1/9
   216 | D:1      | Learned a level 2 spell: Blink
   219 | D:1      | Learned a level 2 spell: Call Imp
   581 | D:1      | Reached skill level 5 in Spellcasting
   842 | D:1      | Reached XP level 3. HP: 19/19 MP: 8/11
  1500 | D:2      | Learned a level 3 spell: Mephitic Cloud
  1590 | D:2      | Found a sacrificial altar of Ru.
  1619 | D:2      | Reached XP level 4. HP: 24/24 MP: 0/13
  1623 | D:2      | Reached skill level 1 in Poison Magic
  1715 | D:2      | Found a glowing golden altar of the Shining One.
  1715 | D:2      | Found a shimmering altar of Xom.
  2149 | D:2      | Noticed Robin
  2164 | D:2      | Slain by a goblin

Skill      XL: |  1  2  3  4 |
---------------+-------------+-----
Spellcasting   | 5 |  5.6
Conjurations   | 2 3 |  3.5
Poison Magic   | 2 |  2.2
Dodging        | |  2.4
Stealth        | |  2.4
Summonings     | |  1.1
Translocations | |  1.1

Action                   |  1- 3 |  4- 6 || total
-------------------------+-------+-------++-------
Melee: Unarmed           |     7 |       ||     7
 Cast: Magic Dart        |   101 |    29 ||   130
       Call Imp          |     4 |       ||     4
       Mephitic Cloud    |     1 |     2 ||     3
  Use: Scroll            |       |     1 ||     1
  Eat: Chunk             |     1 |       ||     1
       Bread ration      |       |     1 ||     1
       Pizza             |       |     1 ||     1
Armor: Robe              |     2 |     4 ||     6
Dodge: Dodged            |    20 |    17 ||    37
